 Dungeon Crawl Stone Soup version 0.22-a0-603-gfc1114d (console) character file.

4 Goblin1989 the Ducker (level 1, -2/10 HPs)
             Began as a Felid Chaos Knight on July 7, 2018.
             Slain by a hobgoblin
             ... wielding a +0 club
              (3 damage)
             ... on level 1 of the Dungeon.
             The game lasted 00:00:32 (54 turns).

Goblin1989 the Ducker (Felid Chaos Knight)            Turns: 54, Time: 00:00:33

Health: -2/10      AC:  1    Str:  8    XL:     1   Next: 50%
Magic:  2/2        EV: 24    Int: 13    God:    Xom [..*...]
Gold:   16         SH:  0    Dex: 20    Spells: 0/0 levels left
                                        Lives:  0   Deaths: 0

rFire    . . .     SeeInvis +     - Unarmed
rCold    . . .     Gourm    .   (shield unavailable)
rNeg     . . .     Faith    .   (armour unavailable)
rPois    .         Spirit   .   (helmet unavailable)
rElec    .         Reflect  .   (cloak unavailable)
rCorr    .         Harm     .   (gloves unavailable)
MR       .....                  (boots unavailable)
Stlth    +++.......             (no amulet)
HPRegen  0.03/turn              (no ring)
MPRegen  0.08/turn              (no ring)

@: agile, quick
A: very small, no armour, no weapons or thrown items, stealth, claws 1, fangs 3,
see invisible, carnivore, speed 1, shaggy fur 1, slow metabolism 1, sharp paws
a: Renounce Religion


You were on level 1 of the Dungeon.
You worshipped Xom.
You were a toy of Xom.
You were full.

You visited 1 branch of the dungeon, and saw 1 of its levels.

You collected 16 gold pieces.

Inventory:

Comestibles
 e - a ration


   Skills:
 + Level 3.0 Fighting
 + Level 3.3 Dodging
 + Level 0.4 Stealth
 * Level 3.1 Unarmed Combat


You couldn't memorise any spells.
You didn't know any spells.
Your spell library was empty.

Dungeon Overview and Level Annotations

Branches:
Dungeon (1/15)

Altars:


Innate Abilities, Weirdness & Mutations

You cannot wear armour.
You are incapable of wielding weapons or throwing items.
Your paws allow you to move quietly. (Stealth)
You have sharp claws.
You have razor-sharp teeth.
You have supernaturally acute eyesight. (SInv)
You are carnivorous and can eat meat at any time.
You cover ground quickly.
You are covered in fur. (AC +1)
You have a slow metabolism.
Your sharp claws are effective at attacking unaware monsters.


Message History

e - a ration Xom titters: I'd like a drowned soul!
Welcome, Goblin1989 the Felid Chaos Knight.
Will you prevail where others failed? Will you find the Orb of Zot?
Xom says: A new plaything!
Press ? for a list of commands and other information.
Found a staircase leading out of the dungeon.
You now have 16 gold pieces.
Found a stone staircase leading down.
A leopard gecko and a hobgoblin come into view.
A bat comes into view.
You scratch the leopard gecko.
The leopard gecko is moderately wounded.
The leopard gecko completely misses you.
You scratch the leopard gecko but do no damage.
The leopard gecko is moderately wounded.
The leopard gecko misses you.
The leopard gecko completely misses you.
You barely miss the leopard gecko.
The leopard gecko is moderately wounded.
The hobgoblin closely misses you. The leopard gecko barely misses you.
You closely miss the leopard gecko.
The leopard gecko is moderately wounded.
The bat misses you. The hobgoblin misses you.
The leopard gecko closely misses you.
You barely miss the leopard gecko.
The leopard gecko is moderately wounded.
The bat hits you but does no damage. The hobgoblin closely misses you.
The leopard gecko closely misses you.
Unknown command.
The bat closely misses you.
You closely miss the bat. The bat closely misses you. x2
You scratch the bat.
You kill the bat!
You closely miss the leopard gecko.
The leopard gecko is moderately wounded.
The leopard gecko misses you.
You closely miss the leopard gecko.
The leopard gecko is moderately wounded.
The leopard gecko misses you. The leopard gecko closely misses you.
You scratch the leopard gecko.
You kill the leopard gecko!
You claw the hobgoblin!
You kill the hobgoblin!
You see here a leopard gecko corpse.
You butcher the leopard gecko corpse.
f - 2 chunks of flesh Eating one of 2 chunks of flesh.
You eat one of the 2 chunks of flesh.
This raw flesh tastes great.
Eating a chunk of flesh.
You eat the chunk of flesh.
This raw flesh tastes great.
A frilled lizard and a hobgoblin come into view.
The hobgoblin shouts!
There are monsters nearby!
There are monsters nearby!
A kobold comes into view.
You closely miss the kobold.
The kobold shouts!
The frilled lizard hisses angrily.
The kobold hits you.
You take 1 damage, and have 9/10 hp.
You scratch the kobold.
The kobold is severely wounded.
The kobold completely misses you.
You barely miss the kobold.
The kobold is severely wounded.
The hobgoblin hits you with a club.
* * * LOW HITPOINT WARNING * * *
The kobold hits you.
* * * LOW HITPOINT WARNING * * *
You take 4 damage, and have 5/10 hp.
MASSIVE DAMAGE!!
Xom smiles on you.
You feel agile all of a sudden.
The kobold throws a stone.
The stone barely misses you.
The kobold throws a stone.
The stone misses you.
You scratch the hobgoblin.
The hobgoblin is almost dead.
The hobgoblin hits you with a club.
* * * LOW HITPOINT WARNING * * *
You take 4 damage, and have 1/10 hp.
MASSIVE DAMAGE!!
You closely miss the hobgoblin.
The hobgoblin is almost dead.
The hobgoblin hits you with a club.
You die... "I guess I need a new plaything now."

█......█..........█
█......█..........█
█......█...>......█ █
█......█..........█ █.
████▲███..........█
█.█ █...........(....█
█... █..██lK███....███
█...██..██g.███....███
█..██.@██..........█
█..██.(██.██....██.█
█...██<.██...█...█.█ █
█... █..██...█.█.█...
...█ ..██..██.█. .█
... .... █.. █..██.█.
.█ .... ...
..██..██...█. .█ ...
.. .. .. ...█ ██ ...


You could see a hobgoblin, a kobold and a frilled lizard.

Vanquished Creatures
  A leopard gecko (D:1)
  A hobgoblin (D:1)
  A bat (D:1)
3 creatures vanquished.

Notes
Turn   | Place    | Note
-------+----------+-------------------------------------------
     0 | D:1      | Goblin1989 the Felid Chaos Knight began the quest for the Orb.
     0 | D:1      | Reached XP level 1. HP: 10/10 MP: 2/2
    42 | D:1      | XOM: potion effect (agility)
    54 | D:1      | Slain by a hobgoblin

Vault maps used:
D:1:      lightli_iron_boxes

Action                   || total
-------------------------++-------
Melee: Unarmed           ||    16
  Eat: Chunk             ||     2
Armor: Skin              ||     1
Dodge: Dodged            ||    19

Table legend:
 A = Spawn XP
 B = Non-spawn XP
 C = Spawn XP percentage of total XP
 D = Spawn monster count
 E = Non-spawn monster count
 F = Spawn count percentage of total count
 G = Total turns spent on level
                    A         B        C        D         E        F      G
               +---------+---------+-------+---------+---------+-------+---------
         Total |       0 |       6 |   0.0 |       0 |       3 |   0.0 |    54
               +---------+---------+-------+---------+---------+-------+---------
           D:1 |       0 |       6 |   0.0 |       0 |       3 |   0.0 |    54
               +---------+---------+-------+---------+---------+-------+---------

Vault maps used:
D:1:      lightli_iron_boxes
